woodfighter, chaotic female sylph Ranger ------------------------ |...........%..........| |..-------------------.| ----@| ----- |.| |..|a-- --...| |.| |...a.|--|...`| |.| |.....|..|..`.| |.| --....|......-- |.| |.......|...| ------|.| |..o.|..|...| --|%.%..|.| |....---|...| |.-%...%|.| |.......|..-- |-|...%.|.| ----....|.-- |.-..(%.-.| ---.--.| |-|.....|-- |.....| |%-.....| |>.|..| --|%..%%| ------- ------- woodfighter the Trailblazer Experience level: 8 Strength: 16 Dexterity: 12 Constitution: 16 Intelligence: 15 Wisdom: 13 Charisma: 8 Health: 0(58) Energy: 40(40) Def: 3 Gold: 0 Moves: 6763 Dungeon seed: ldgZsEz9qbQNLnA1 Game ID: woodfighter_1472208202 Your Inventory: Amulets H - an uncursed amulet of reflection (being worn) Weapons b - a +2 bow (weapon in hand) c - 40 blessed +2 arrows (in quiver) A - 37 +0 arrows Armor e - an uncursed +2 cloak of displacement (being worn) r - an uncursed +0 pair of leather gloves N - an uncursed +0 elven shield (being worn) Comestibles f - 2 uncursed cram rations v - 2 uncursed food rations B - an uncursed orange C - a blessed tin of red mold O - an uncursed lembas wafer P - an uncursed tin of sewer rat meat R - 2 uncursed tins of green mold V - 2 uncursed carrots Tools g - an uncursed oil lamp (0:1078) y - an uncursed skeleton key Spells and supernatural/magical abilities: Name Level Category Fail Memory W - pray for help -- divine ? -- Your skills at the end: Miscellaneous Skills wands [Basic] Weapon Skills dagger [Basic] bow [Skilled] Spellcasting Skills Final Attributes: You were piously aligned. You saw invisible. You had automatic searching. You had infravision. You were displaced. You were stealthy. You were protected from shape changers. You had reflection. You are dead. Vanquished creatures: 2 giant mimics a wolf a leprechaun a gnome king a dwarf mummy a brown pudding 2 blue jellies 2 water nymphs a dust vortex a snake 2 soldier ants an Uruk-hai an orc shaman a rock piercer 3 fog clouds a shrieker a black naga hatchling a golden naga hatchling 2 gray oozes a ghoul 3 straw golems 3 paper golems 3 little dogs a homunculus a kobold shaman 5 iguanas a hill orc a centipede 4 orc zombies 3 dwarf zombies a wererat 2 werejackals 9 coyotes 2 gas spores a hobbit 6 acid blobs 3 large kobolds 4 geckos a cave spider 2 brown molds 2 yellow molds 2 green molds 2 red molds 4 gnomes 10 garter snakes 4 manes 5 jackals a fox 3 kobolds 4 newts a goblin 2 sewer rats 10 grid bugs 3 bats 2 lichens 3 kobold zombies 141 creatures vanquished. Voluntary challenges: You followed a strict vegan diet. You had been an atheist until turn 2832. You used a wielded weapon 11 times, starting on turn 42. You did not apply a unicorn horn. You were illiterate. You never genocided any monsters. You never polymorphed an object. You never changed form. You completed Sokoban on turn 6569, according to the rules. You used no wishes. You never split a pudding. You never wrote Elbereth's name. You never violated your personal moral code. Dungeon overview: The Dungeons of Doom: levels 1 to 9 Level 1 a long staircase Level 2 (locked box) a general store Level 3 (locked box) an armor shop, a sink Level 4 (locked box) stairs to The Gnomish Mines Level 5 Level 6 (vault) an altar to Mars Level 7 Level 8 many fountains Level 9 stairs to Sokoban The Gnomish Mines: Level 5 stairs to The Dungeons of Doom Sokoban: levels 5 to 8 Level 5 <- You were here a magic chest Level 6 Level 7 Level 8 a magic chest stairs to The Dungeons of Doom History has recorded: On T:1 you entered the Dungeons of Doom to retrieve the Amulet of Yendor! On T:133 you advanced to experience level 2. On T:186 you reached level 2 of The Dungeons of Doom. On T:465 you reached level 3 of The Dungeons of Doom. On T:769 you advanced to experience level 3. On T:866 you reached level 4 of The Dungeons of Doom. On T:1335 you advanced to experience level 4. On T:1417 you reached level 1 of The Gnomish Mines. On T:1722 you reached level 5 of The Dungeons of Doom. On T:2009 you reached level 6 of The Dungeons of Doom. On T:2240 you advanced to experience level 5. On T:2500 you reached level 7 of The Dungeons of Doom. On T:3364 you advanced to experience level 6. On T:3645 you reached level 8 of The Dungeons of Doom. On T:3924 you reached level 9 of The Dungeons of Doom. On T:3952 you reached level 4 of Sokoban. On T:4040 you opened a magic chest. On T:4345 you reached level 3 of Sokoban. On T:5034 you advanced to experience level 7. On T:5125 you reached level 2 of Sokoban. On T:5575 you reached level 1 of Sokoban. On T:6569 you advanced to experience level 8. On T:6569 you entered the Sokoban zoo. On T:6695 you opened a magic chest. Score breakdown: Gold: 0 ( 0 points) Experience: 8 levels ( 700 points) Exploration: 9 levels ( 240 points) Discoveries: 6 items ( 300 points) Variety of kills: 56 monsters ( 2000 points) Major goal: finished Sokoban ( 1000 points) Survival: died (score multiplied by 3) Total score: 12720 Latest messages: The Uruk-hai is killed! You shoot 2 arrows. The 1st arrow hits the soldier ant! The 2nd arrow hits something! You kill the soldier ant! You shoot 2 arrows. The 1st arrow hits the soldier ant! The 2nd arrow hits something! You kill the soldier ant! The soldier ant bites! The soldier ant stings! You shoot 1 arrow. The arrow hits the soldier ant. The soldier ant bites! The soldier ant stings! The arrow hits the soldier ant! The soldier ant bites! The soldier ant stings! The soldier ant bites! The soldier ant stings! The soldier ant's sting was poisoned! You hear the howling of the CwnAnnwn... You die... Final status: Goodbye woodfighter the Ranger, killed by a soldier ant... You died in Sokoban on dungeon level 5 with 12720 points, and 0 pieces of gold, after 6763 moves. You were level 8 with a maximum of 58 hit points when you died.